 Dungeon Crawl Stone Soup version 0.21.0-37-g46506fa (webtiles) character file.

127 Monsterracer the Sneak (level 4, 18/18 HPs)
             Began as a Felid Venom Mage on Jan 31, 2018.
             Was an Initiate of Nemelex Xobeh.
             Quit the game on level 4 of the Dungeon.
             The game lasted 00:10:11 (6116 turns).

Monsterracer the Sneak (Felid Venom Mage)           Turns: 6116, Time: 00:10:11

Health: 18/18      AC:  1    Str:  4    XL:     4   Next: 85%
Magic:  8/8        EV: 20    Int: 18    God:    Nemelex Xobeh [......]
Gold:   251        SH:  0    Dex: 16    Spells: 0/7 levels left
                                        Lives:  0   Deaths: 1

rFire    . . .     SeeInvis +     - Unarmed
rCold    . . .     Gourm    .   (shield unavailable)
rNeg     . . .     Faith    .   (armour unavailable)
rPois    .         Spirit   .   (helmet unavailable)
rElec    .         Reflect  .   (cloak unavailable)
rCorr    .         Harm     .   (gloves unavailable)
MR       .....     Rnd*Tele +   (boots unavailable)
Stlth    +++.......             (no amulet)
HPRegen  0.06/turn              k - ring of teleportation (curse)
MPRegen  0.11/turn              (no ring)

@: quick
A: very small, no armour, no weapons or thrown items, stealth, claws 1, fangs 3,
see invisible, carnivore, speed 1, shaggy fur 1, slow metabolism 1, sharp paws
a: Renounce Religion


You were on level 4 of the Dungeon.
You worshipped Nemelex Xobeh.
Nemelex Xobeh was noncommittal.
You were not hungry.

You visited 1 branch of the dungeon, and saw 4 of its levels.

You collected 251 gold pieces.

Inventory:

Jewellery
 e - an uncursed ring of ice
 k - a cursed ring of teleportation (left paw)
Scrolls
 b - 4 scrolls of identify
 f - 2 scrolls of amnesia
Potions
 a - a potion of flight
 d - a potion of berserk rage {!q}
 g - a potion of cancellation
 h - 3 potions of curing
 i - a potion of might
 j - a potion of agility {unknown}
Miscellaneous
 m - a plain deck of summoning {drawn: 4}
Comestibles
 c - 6 rations


   Skills:
 + Level 4.5 Dodging
 + Level 4.7 Stealth
 * Level 3.7 Unarmed Combat
 - Level 2.0 Spellcasting
 - Level 0.8 Conjurations
 + Level 3.1 Poison Magic
 + Level 0.0 Invocations


You couldn't memorise any spells.
You knew the following spells:

 Your Spells              Type           Power        Failure   Level  Hunger
a - Sting                 Conj/Pois      #...         8%          1    #......
b - Mephitic Cloud        Conj/Pois/Air  #.......     30%         3    ###....
c - Olgreb's Toxic Radia  Pois           ##......     43%         4    #####..


Dungeon Overview and Level Annotations

Branches:
Dungeon (4/15)
 Temple: D:4-7

Altars:
Nemelex Xobeh

Annotations:
D:3 LittleStrapony's ghost, amateur DsAK
D:4 Robin


Innate Abilities, Weirdness & Mutations

You cannot wear armour.
You are incapable of wielding weapons or throwing items.
Your paws allow you to move quietly. (Stealth)
You have sharp claws.
You have razor-sharp teeth.
You have supernaturally acute eyesight. (SInv)
You are carnivorous and can eat meat at any time.
You cover ground quickly.
You are covered in fur. (AC +1)
You have a slow metabolism.
Your sharp claws are effective at attacking unaware monsters.


Message History

You closely miss the hound.
The hound is heavily wounded.
The hound looks even sicker.
Your toxic aura wanes.
The hound completely misses you.
Casting: Olgreb's Toxic Radiance
Confirm with . or Enter, or press ? or * to list all spells.
Aiming: Sting
Press: ? - help, Shift-Dir - straight line, f - hound
Aim: a hound (heavily wounded, poisoned)
The sting misses the hound.
The hound completely misses you. The hound barely misses you.
You now have 0/9 mp.
You closely miss the hound. You claw the hound.
The hound is severely wounded.
The hound closely misses you.
You scratch the hound but do no damage.
The hound is severely wounded.
The hound completely misses you. The hound misses you.
You scratch the hound. Your bite misses the hound.
The hound is almost dead.
The hound misses you.
Casting: Sting
Confirm with . or Enter, or press ? or * to list all spells.
Aiming: Sting
Press: ? - help, Shift-Dir - straight line, f/p - hound
Aim: a hound (almost dead, poisoned)
You miscast Sting.
Nothing appears to happen.
The hound misses you. The hound closely misses you.
You now have 0/9 mp.
You miss the hound.
The hound is almost dead.
You kill the hound!
Things that are here:
a dagger; a goblin corpse You butcher the goblin corpse.
l - 4 chunks of flesh (gained 3)
You see here a dagger.
You start resting.
Eating one of 4 chunks of flesh.
You eat one of the 4 chunks of flesh.
This raw flesh tastes great.
Your magical contamination has completely faded away.
You regained 2 hp, and now have 4/21 hp.
You regained 3 mp, and now have 3/9 mp.
You start resting.
Magic restored.
You regained 3 hp, and now have 7/21 hp.
MP restored: 9
There is a stone staircase leading down, spattered with blood here.
Evoke which item? (* to show all) (? for menu, Esc to quit)
Okay, then.
You start resting.
All of the chunks of flesh in your inventory have rotted away.
HP restored.
Health restored: 21 You see here a dagger.
There is an escape hatch in the ceiling here.
There is a stone staircase leading up here.
There is a stone staircase leading down here.
You climb downwards.
Level annotation: Robin
There is a stone staircase leading up here.
Key pressed, stopping explore.
Casting: Sting
Confirm with . or Enter, or press ? or * to list all spells.
Aiming: Sting
Press: ? - help, Shift-Dir - straight line, f - orc priest
Aim: an orc priest The sting hits the orc priest.
The orc priest is poisoned.
The orc priest is lightly wounded.
The orc priest miscasts a cantrip.
You now have 8/9 mp.
Casting: Sting
Confirm with . or Enter, or press ? or * to list all spells.
Aiming: Sting
Press: ? - help, Shift-Dir - straight line, f/p - orc priest
Aim: an orc priest (moderately wounded, poisoned)
The sting hits the orc priest.
The orc priest looks even sicker.
The orc priest is moderately wounded.
The orc priest invokes the aid of Beogh against you.
Beogh smites you!
Ouch! That really hurt!
* * * LOW HITPOINT WARNING * * *
You hear a shout!
You take 13 damage, and have 8/21 hp.
MASSIVE DAMAGE!!
You now have 7/9 mp.
Casting: Sting
Confirm with . or Enter, or press ? or * to list all spells.
Aiming: Sting
Press: ? - help, Shift-Dir - straight line, f/p - orc priest
Aim: an orc priest (moderately wounded, poisoned)
The sting hits the orc priest.
The orc priest looks even sicker.
The orc priest is heavily wounded.
The orc priest mumbles some strange prayers to Beogh against you.
Beogh smites you!
Ouch! That really hurt!
You die...
You are now level 4!
You rejoin the land of the living...
Found 2 potions of might.
Found a stone staircase leading down.
Health restored: 18; MP restored: 8 Are you sure you want to abandon this character and quit the game? (Confirm with "yes".)

###
#..#..##
#!.>@#
#....#
##..##
#.. ...
....
####. #+


There were no monsters in sight!

Vanquished Creatures
  3 hounds
  A worker ant (D:4)
  A gnoll (D:1)
  2 adders
  An ooze (D:3)
  4 worms
  2 dart slugs
  3 leopard geckos
  4 orcs
  3 giant cockroaches
  7 goblins
  11 hobgoblins
  4 quokkas
  4 bats
  3 frilled lizards
  14 kobolds
  11 rats
78 creatures vanquished.

Notes
Turn   | Place    | Note
-------+----------+-------------------------------------------
     0 | D:1      | Monsterracer the Felid Venom Mage began the quest for the Orb.
     0 | D:1      | Reached XP level 1. HP: 7/7 MP: 4/4
    13 | D:1      | HP: 1/7 [gnoll (6)]
    20 | D:1      | Reached skill level 1 in Unarmed Combat
    20 | D:1      | Reached XP level 2. HP: 2/11 MP: 6/6
   123 | D:1      | HP: 3/11 [bat (1)]
   429 | D:2      | HP: 2/11 [hobgoblin/club (6)]
  1247 | D:1      | HP: 4/11 [kobold/club (6)]
  1499 | D:1      | Reached XP level 3. HP: 11/14 MP: 4/7
  1510 | D:1      | Learned a level 3 spell: Mephitic Cloud
  1850 | D:1      | HP: 7/14 [hobgoblin/club (7)]
  2221 | D:1      | HP: 7/14 [kobold/dagger (3)]
  2227 | D:1      | HP: 2/14 [rat (3)]
  2551 | D:2      | HP: 4/14 [kobold/short sword (4)]
  3293 | D:2      | HP: 7/14 [poisoned by an adder]
  3301 | D:2      | HP: 6/14 [poisoned by an adder]
  3725 | D:2      | Reached XP level 4. HP: 13/18 MP: 1/8
  3936 | D:2      | HP: 8/18 [kobold/dagger (5)]
  4391 | D:3      | Noticed LittleStrapony's ghost (amateur DsAK)
  4615 | D:4      | HP: 8/18 [hound (2)]
  4619 | D:4      | HP: 3/18 [hound (5)]
  4627 | D:4      | HP: 4/18 [hound (6)]
  4639 | D:4      | Reached XP level 5. HP: 5/21 MP: 0/9
  4645 | D:4      | Learned a level 4 spell: Olgreb's Toxic Radiance
  5123 | D:3      | HP: 10/21 [worm (5)]
  5132 | D:3      | HP: 8/21 [worm (3)]
  5505 | D:3      | Found a sparkling altar of Nemelex Xobeh.
  5519 | D:3      | Became a worshipper of Nemelex Xobeh the Trickster
  5727 | D:4      | Received a gift from Nemelex Xobeh
  5749 | D:4      | Noticed Robin
  5771 | D:4      | HP: 9/21 [goblin/dagger[Robin] (6)]
  5776 | D:3      | HP: 4/21 [hobgoblin[Robin] (3)]
  5778 | D:3      | HP: 1/21 [hobgoblin[Robin] (3)]
  6114 | D:4      | HP: 8/21 [orc priest/divine providence (13)]
  6115 | D:4      | Killed from afar by an orc priest
  6116 | D:4      | Reached XP level 4. HP: -5/18 MP: 6/8
  6116 | D:4      | Quit the game

Skill      XL: |  1  2  3  4  5 |
---------------+----------------+-----
Dodging        | 3 4 |  4.5
Stealth        | 3 4 |  4.7
Unarmed Combat | 1 2 3 |  3.7
Poison Magic   | 3 |  3.1
Spellcasting   | |  2.0
Conjurations   | |  0.8

Action                   |  1- 3 |  4- 6 || total
-------------------------+-------+-------++-------
Melee: Unarmed           |   109 |    97 ||   206
       Bite              |     7 |     4 ||    11
       Punch             |       |     4 ||     4
 Cast: Sting             |    56 |    38 ||    94
       Olgreb's Toxic Ra |       |     1 ||     1
Evoke: Deck              |       |     4 ||     4
  Use: Scroll            |     7 |     4 ||    11
       Potion            |       |     1 ||     1
 Stab: Sleeping          |     8 |     8 ||    16
  Eat: Chunk             |    14 |     5 ||    19
Armor: Skin              |     9 |     2 ||    11
Dodge: Dodged            |   142 |   103 ||   245

Vault maps used:
D:1:      dpeg_arrival_pits
D:3:      nemelex_xobeh_ov_fountains_minmay
D:4:      kennysheep_generic_room_8, uniq_robin, uniq_eustachio
